 Dungeon Crawl Stone Soup version 0.30-a0-368-g86fb4627a9 (webtiles) character file.

Game seed: 12582270373231443684

3692 bande the Cleaver (level 10, -2/60 HPs)
             Began as a Gargoyle Fighter on Nov 20, 2022.
             Was a Follower of Okawaru.
             Slain by a two-headed ogre
             ... wielding a +0 giant club
              (22 damage)
             ... on level 8 of the Dungeon.
             The game lasted 00:16:35 (9068 turns).

bande the Cleaver (Gargoyle Fighter)                Turns: 9068, Time: 00:16:36

Health: -2/60      AC: 25    Str: 20    XL:     10   Next: 13%
Magic:  3/3        EV:  7    Int: 12    God:    Okawaru [*.....]
Gold:   1284       SH:  6    Dex: 15    Spells: 9/9 levels left

rFire   . . .      SeeInvis .    a - +0 war axe
rCold   . . .      Faith    .    c - +0 buckler
rNeg    + . .      Spirit   .    f - +0 chain mail
rPois   ∞          Reflect  .    j - +0 helmet
rElec   +          Harm     .    i - +1 cloak
rCorr   .          Rampage  .    (no gloves)
Will    ++...                    (no boots)
Stlth   ..........               m - amulet of Sizxov {+Blink rElec Will+ Regen+ MP-9}
HPRegen 1.10/turn                h - ring of willpower
MPRegen 0.08/turn                r - ring "Quocuim" {AC+4 Dex+3}

@: mighty, studying Unarmed Combat
A: sickness immunity, AC +7, negative energy resistance 1, electricity
resistance, torment resistance 1, petrification resistance, clever 1
a: Renounce Religion, Evoke Blink, Heroism


You were on level 8 of the Dungeon.
You worshipped Okawaru.
Okawaru was aware of your devotion.
You visited 2 branches of the dungeon, and saw 9 of its levels.

You collected 1460 gold pieces.
You spent 176 gold pieces at shops.

Inventory:

Hand Weapons
 a - a +0 war axe (weapon)
 z - a +0 war axe
 D - a +2 flail
Missiles
 k - a throwing net (quivered)
Armour
 c - a +0 buckler (worn)
 f - a +0 chain mail (worn)
 i - a +1 cloak (worn)
 j - a +0 helmet (worn)
Jewellery
 h - a ring of willpower (left hand)
 m - the amulet of Sizxov (around neck) {+Blink rElec Will+ Regen+ MP-9}
   (You acquired it on level 3 of the Dungeon)

   [amulet of regeneration]

   rElec:     It insulates you from electricity.
   MP:        It affects your magic capacity (-9).
   +Blink:    It lets you blink.
   Regen:     It increases your rate of health regeneration.
   Will:      It increases your willpower.
 r - the ring "Quocuim" (right hand) {AC+4 Dex+3}
   (You acquired it on level 3 of the Dungeon)

   [ring of protection]

   AC:        It affects your AC (+4).
   Dex:       It affects your dexterity (+3).
 v - a ring of protection from cold
 A - a ring of see invisible
Wands
 s - a wand of polymorph (2)
 B - a wand of flame (12)
Scrolls
 l - a scroll of poison
 n - 2 scrolls of magic mapping
 q - a scroll of enchant armour
 y - a scroll of silence
Potions
 d - a potion of might
 e - 2 potions of magic
 g - 2 potions of resistance
 o - a potion of berserk rage
 p - 3 potions of curing
 t - a potion of mutation
 x - 3 potions of cancellation


   Skills:
 + Level 6.2 Fighting
 + Level 8.5 Axes
 + Level 6.8 Armour
 + Level 6.1 Shields
 * Level 3.0 Invocations
 * Level 5.2 Evocations


You had 9 spell levels left.
You didn't know any spells.
Your spell library contained the following spells:

 Spells                   Type           Power      Damage    Failure   Level
 Foxfire                  Conj/Fire      0%         2x1d4     98%         1
 Poisonous Vapours        Pois/Air       0%         N/A       99%         2
 Ignite Poison            Fire/Tmut/Pois 0%         N/A       100%        3
 Kindle Blastsparks       Fire/Tloc/Air  0%         2d10      100%        3
 Mephitic Cloud           Conj/Pois/Air  0%         N/A       100%        3
 Petrify                  Tmut/Erth      0%         N/A       100%        4
 Fireball                 Conj/Fire      0%         3d3       100%        5
 Freezing Cloud           Conj/Ice/Air   0%         6-21      100%        5
 Irradiate                Conj/Tmut      0%         3d11      100%        5
 Starburst                Conj/Fire      0%         6d3       100%        6
 Cigotuvi's Dreadful Rot  Necr/Pois/Air  Unusable   N/A       N/A         2
 Sublimation of Blood     Necr           Unusable   N/A       N/A         2

Dungeon Overview and Level Annotations

Branches:
Dungeon (8/15)             Temple (1/1) D:6
   Lair: D:8-11

Altars:
Cheibriados
Elyvilon
Fedhas
Okawaru
Trog
Uskayaw
Vehumet
Wu Jian
Zin

Shops:
D:4 !   D:5 *


Innate Abilities, Weirdness & Mutations

You are immune to sickness and miasma.
Your stone body is resilient. (AC +7)
You are immune to poison.
You resist negative energy. (rN+)
You are resistant to electric shocks. (rElec)
You are resistant to unholy torment.
You are immune to petrification.
Your mind is acute. (Int +4, Str/Dex -1)


Message History

You barely miss the two-headed ogre.
The two-headed ogre is moderately wounded.
You hit something. Something hits you but does no damage.
Unknown command.
You hit the two-headed ogre but do no damage.
The two-headed ogre is moderately wounded.
You miss something. Something hits you but does no damage.
The two-headed ogre hits you with a +0 giant club.
* * * LOW HITPOINT WARNING * * *
The two-headed ogre hits you with a +0 dire flail.
* * * LOW HITPOINT WARNING * * *
You feel much better.
You hear some strange, mumbled words.
Something tries to affect you, but you resist.
The two-headed ogre hits you but does no damage.
The two-headed ogre hits you with a +0 dire flail.
You feel very mighty all of a sudden. You block something's attack.
You barely miss the two-headed ogre.
The two-headed ogre is lightly wounded.
You slash something! Okawaru accepts your kill.
Reactivating autopickup.
You feel a bit more experienced.
The two-headed ogre barely misses you. x2
You slash the two-headed ogre!
The two-headed ogre is moderately wounded.
The two-headed ogre hits you with a +0 giant club!
The two-headed ogre hits you with a +0 dire flail.
* * * LOW HITPOINT WARNING * * *
Unknown command.
You hit the two-headed ogre.
The two-headed ogre is heavily wounded.
The two-headed ogre closely misses you.
The two-headed ogre hits you but does no damage.
You barely miss the two-headed ogre.
The two-headed ogre is heavily wounded.
You slash the two-headed ogre!
The two-headed ogre is severely wounded.
The two-headed ogre hits you with a +0 giant club!!
You die...

#.# #o####.##.##.# #.....>......
##.###o.....##.##.###.##.#####>#.
#.......###.##.##.....##.# #.#.
#..##.oo###.##.####.####.# #.#.
#..#..o.............####.## #..#
........o.#....#.##........ ..#
#.......>9......<....###.## .##
#...........##......## #.. #
#)..............@...# ###
#(..........##.O)..## .......##
####...## #...# #.... ....#
#.#.##


You could see a two-headed ogre.

Vanquished Creatures
  A gargoyle (D:7)
  The ghost of SleepySteel the Ducker, an amateur DsGl (D:4)
  Sigmund (D:4)
  A steam dragon (D:7)
  Menkaure (D:3)
  An acid dragon (D:6)
  Duvessa (D:4)
  An ice beast (D:5)
  A sky beast (D:7)
  A black bear (D:5)
  2 ogres (D:6)
  A centaur (D:5)
  A bullfrog (D:6)
  A necrophage (D:6)
  2 scorpions
  11 wights
  A wyvern skeleton (D:4)
  Dowan (D:4)
  A water moccasin skeleton (D:4)
  3 howler monkeys (D:4)
  4 hounds
  2 gnoll boudas (D:5)
  2 jellies
  6 orc priests
  A centaur skeleton (D:4)
  A bullfrog skeleton (D:4)
  An iguana (D:3)
  5 orc wizards
  15 gnolls
  10 adders
  A shadow imp (D:5)
  A white imp (D:6)
  A worm (D:2)
  3 dart slugs
  26 orcs
  3 bats (D:2)
  6 endoplasms
  2 giant cockroaches (D:2)
  3 goblins
  9 hobgoblins
  7 jackals
  3 quokkas (D:1)
  4 ball pythons
  3 frilled lizards
  3 kobolds
  6 rats
162 creatures vanquished.

Vanquished Creatures (collateral kills)
  A quokka (D:3)
1 creature vanquished.

Vanquished Creatures (others)
  An orc (D:7)
1 creature vanquished.

Grand Total: 164 creatures vanquished

Notes
Turn   | Place    | Note
-------+----------+-------------------------------------------
     0 | D:1      | bande the Gargoyle Fighter began the quest for the Orb.
     0 | D:1      | Reached XP level 1. HP: 14/14 MP: 1/1
   118 | D:1      | Reached XP level 2. HP: 18/19 MP: 2/2
   237 | D:1      | Reached skill level 2 in Axes
   294 | D:1      | Found a faded altar of an unknown god.
   424 | D:1      | Reached XP level 3. HP: 24/24 MP: 3/3
  1517 | D:2      | Reached XP level 4. HP: 29/29 MP: 4/4
  1997 | D:3      | Identified 3 scrolls of acquirement
  1997 | D:3      | Acquired the ring "Quocuim" {AC+4 Dex+3}
  2041 | D:3      | Acquired the amulet of Sizxov {+Blink rElec Will+ Regen+
                  | MP-9}
  2048 | D:3      | Acquired 1001 gold pieces
  2289 | D:3      | Reached skill level 3 in Axes
  2289 | D:3      | Reached XP level 5. HP: 33/33 MP: 0/5
  2607 | D:4      | Found Xauxu's Distillery.
  2611 | D:4      | Noticed Menkaure
  2703 | D:3      | Reached skill level 1 in Evocations
  2919 | D:4      | Reached XP level 6. HP: 38/38 MP: 0/6
  3296 | D:4      | Noticed Sigmund
  3318 | D:3      | Killed Menkaure
  3319 | D:3      | Reached skill level 4 in Axes
  3665 | D:4      | Reached XP level 7. HP: 42/43 MP: 0/7
  3721 | D:4      | Killed Sigmund
  3722 | D:4      | Reached skill level 5 in Armour
  3732 | D:4      | Bought a potion of mutation for 88 gold pieces
  3732 | D:4      | Bought a potion of mutation for 88 gold pieces
  3732 | D:4      | Gained mutation: Your mind is acute. (Int +4, Str/Dex -1)
                  | [potion of mutation]
  3863 | D:4      | Noticed Dowan
  3864 | D:4      | Noticed Duvessa
  3883 | D:4      | Killed Duvessa
  3902 | D:4      | Killed Dowan
  4272 | D:3      | Reached skill level 5 in Axes
  4411 | D:4      | Noticed SleepySteel's ghost (amateur DsGl)
  4412 | D:4      | Found a runed translucent gate.
  4412 | D:4      | Found a runed translucent gate.
  4412 | D:4      | Found a runed translucent gate.
  4659 | D:4      | Reached XP level 8. HP: 48/48 MP: 0/8
  5202 | D:4      | Killed SleepySteel's ghost
  5205 | D:4      | Reached skill level 5 in Shields
  5271 | D:5      | Entered Level 5 of the Dungeon
  5272 | D:5      | Found Jexziplisa's Fire Supplies.
  5361 | D:5      | Reached skill level 5 in Fighting
  5361 | D:5      | Reached skill level 6 in Axes
  6150 | D:5      | Reached XP level 9. HP: 54/54 MP: 0/9
  6161 | D:5      | Reached skill level 7 in Axes
  6947 | D:6      | Found a staircase to the Ecumenical Temple.
  6961 | Temple   | Entered the Ecumenical Temple
  7039 | Temple   | Became a worshipper of Warmaster Okawaru
  7291 | D:6      | Found a hide-covered altar of Uskayaw.
  7638 | D:7      | Reached skill level 1 in Invocations
  8196 | D:7      | Found a blossoming altar of Fedhas.
  8234 | D:7      | Found a snail-covered altar of Cheibriados.
  8235 | D:7      | Found a radiant altar of Vehumet.
  8260 | D:7      | Reached skill level 8 in Axes
  8563 | D:8      | Noticed a gargoyle
  8611 | D:7      | Killed a gargoyle
  8611 | D:7      | Reached * piety under Okawaru
  8612 | D:7      | Reached skill level 5 in Evocations
  8878 | D:8      | Reached XP level 10. HP: 60/60 MP: 2/11
  9051 | D:8      | Noticed a two-headed ogre
  9068 | D:8      | Slain by a two-headed ogre

Illustrated notes

Levels and vault maps discovered:
D:1:      dpeg_arrival_central, layout_loops_corners,
          ebering_ecumenical_altar_box
D:2:      layout_loops_corners, minmay_close_crescents
D:3:      layout_loops_cross, nicolae_titane
D:4:      layout_layer_cave, serial_shops, nicolae_stop_n_shop_1,
          gammafunk_ghost_necromancy, nrook_campfire, sigmund_army,
          uniq_menkaure, uniq_sigmund, uniq_duvessa
D:5:      layout_basic, serial_curves, eino_curves_01, eino_curves_02,
          eino_curves_01, eino_curves_01, nicolae_shop_fire_sale
          [nicolae_sub_dead_trees], nicolae_figureground_pulse
D:6:      layout_loops_cross, nicolae_uskayaw_murder_on_the_dancefloor,
          temple_hall, roderic_roman_lattice
D:7:      layout_rooms, grunt_temple_overflow_open, item_on_display_b
D:8:      layout_loops_ring, mainiacjoe_overflow_catwalk,
          mainiacjoe_overflow_alcove_3, marbit_many_paths,
          lightli_corner_chamber
Temple:   nicolae_temple_superstar

Skill      XL: |  1  2  3  4  5  6  7  8  9 10 |
---------------+-------------------------------+-----
Axes           | 2 3 4 5 6 8 |  8.5
Armour         | 4 5 6 |  6.8
Shields        | 4 5 6 |  6.1
Fighting       | 4 5 6 |  6.2
Evocations     | 1 2 3 5 |  5.2
Invocations    | 2 3 |  3.0

Action                   |  1- 3 |  4- 6 |  7- 9 | 10-12 || total
-------------------------+-------+-------+-------+-------++-------
Melee: War axe           |    97 |   152 |   346 |    57 ||   652
 Abil: Evoke Blink       |       |       |     1 |       ||     1
  Use: Scroll            |     5 |    11 |     5 |     2 ||    23
       Potion            |       |     1 |     1 |     2 ||     4
Armor: Scale mail        |     8 |       |       |       ||     8
       Chain mail        |    55 |   146 |   330 |    43 ||   574
Dodge: Dodged            |    38 |    72 |   159 |    18 ||   287
Block: Buckler           |    32 |    64 |   117 |    16 ||   229

Table legend: (Time is in decaauts)
 A = Elapsed time spent in this place.
 B = Non-inter-level travel time spent in this place.
 C = Inter-level travel time spent in this place.
 D = Time resting spent in this place.
 E = Time spent auto-exploring this place.
 F = Levels seen in this place.
 G = Mean time per level.
                   A        B        C        D        E       F      G
               +--------+--------+--------+--------+--------+-----+--------+
         Total |   9267 |   9137 |    130 |   2219 |   4985 |   9 | 1029.7 |
       Dungeon |   9167 |   9037 |    130 |   2219 |   4920 |   8 | 1145.9 |
        Temple |     99 |     99 |      0 |      0 |     65 |   1 |   99.0 |
               +--------+--------+--------+--------+--------+-----+--------+

Top non-repeatable levels by time:
     D:4: 1682 daAuts
     D:3: 1678 daAuts
     D:5: 1249 daAuts
     D:6: 1226 daAuts
     D:1: 1090 daAuts
     D:7: 1017 daAuts
     D:2: 960 daAuts
     D:8: 262 daAuts
  Temple: 99 daAuts
